 Dungeon Crawl Stone Soup version 0.30.1-11-g7821555f0a (webtiles) character file.

Game seed: 16651388325624701697

1918 Cheops the Chiller (level 9, -8/74 HPs)
             Began as an Ogre Ice Elementalist on Oct 30, 2023.
             Was an Initiate of the Shining One.
             Shot with a bolt by an orc (15 damage)
             ... in a bailey.
             The game lasted 00:21:58 (8863 turns).

Cheops the Chiller (Ogre Ice Elementalist)          Turns: 8863, Time: 00:21:59

Health: -8/74      AC:  3    Str: 14    XL:     9   Next: 16%
Magic:  9/13       EV:  9    Int: 20    God:    the Shining One [......]
Gold:   320        SH:  0    Dex:  9    Spells: 3/14 levels left

rFire   . . .        b - +8 flail (holy)
rCold   . . .        (no shield)
rNeg    . . .        l - +0 robe
rPois   .            (helmet restricted)
rElec   .            (no cloak)
rCorr   .            (gloves unavailable)
SInv    .            (boots unavailable)
Will    .....        (no amulet)
Stlth   +            (no ring)
HPRegen 0.32/turn    (no ring)
MPRegen 0.13/turn

%: no passive effects
@: freezing walls, glowing
A: large, unfitting armour, tough skin 1
a: Renounce Religion


You were in a bailey.
You worshipped the Shining One.
The Shining One was noncommittal.
You visited 2 branches of the dungeon, and saw 8 of its levels.
You also visited: Bailey.

You collected 320 gold pieces.

Inventory:

Hand Weapons
 a - the +10 mace of Sakoviq {freeze, Str+5 Dex-4}
   (You found it on level 2 of the Dungeon)

   Str:       It affects your strength (+5).
   Dex:       It affects your dexterity (-4).
 b - a +8 flail of holy wrath (weapon)
 f - the +6 dagger of Fuep {freeze, rPois rC++ Str-5 Dex+2}
   (You found it on level 2 of the Dungeon)

   Str:       It affects your strength (-5).
   Dex:       It affects your dexterity (+2).
   rC:        It greatly protects you from cold.
   rPois:     It protects you from poison.
 s - a +0 giant club
 A - a +0 giant spiked club
Armour
 l - a +0 robe (worn)
Magical Staves
 c - a staff of fire
 d - a staff of conjuration
Wands
 t - a wand of paralysis (6)
 y - a wand of iceblast (6)
Scrolls
 g - a scroll of vulnerability
 k - a scroll of magic mapping
 p - 5 scrolls of teleportation
 q - a scroll of enchant armour
 r - 2 scrolls of amnesia
 u - a scroll of blinking
 v - a scroll of poison {unknown}
Potions
 e - 2 potions of resistance {unknown}
 h - a potion of mutation
 i - 4 potions of curing {unknown}
 j - a potion of magic
 m - 2 potions of heal wounds {unknown}
 n - 2 potions of flight {unknown}
 o - 2 potions of berserk rage
 w - a potion of cancellation {unknown}
 x - a potion of invisibility {unknown}
 z - 2 potions of ambrosia {unknown}


   Skills:
 + Level 7.0 Maces & Flails
 - Level 1.7 Dodging
 - Level 1.4 Stealth
 - Level 3.0 Spellcasting
 * Level 4.4 Conjurations
 - Level 7.2 Ice Magic


You had 3 spell levels left.
You knew the following spells:

 Your Spells              Type           Power      Damage    Failure   Level
a - Freeze                Ice            100%       1d10      1%          1
r - Frozen Ramparts       Ice            62%        1d10      2%          3
A - Ozocubu's Armour      Ice            31%        N/A       2%          3
I - Summon Ice Beast      Ice/Summ       17%        N/A       32%         4

Your spell library contained the following spells:

 Spells                   Type           Power      Damage    Failure   Level
 Sandblast                Erth           6%         2d5       14%         1
 Stone Arrow              Conj/Erth      22%        3d8       17%         3
 Passwall                 Tmut/Erth      2%         N/A       22%         2
 Summon Guardian Golem    Hex/Summ       3%         N/A       38%         3
 Orb of Destruction       Conj           10%        9d6       100%        7
 Spellforged Servitor     Conj/Summ      5%         N/A       100%        7


Dungeon Overview and Level Annotations

Branches:
Dungeon (7/15)             Temple (1/1) D:5          Bailey (1/1)

Altars:
Ashenzari
Cheibriados
Dithmenos
Elyvilon
Fedhas
Kikubaaqudgha
Makhleb
Nemelex Xobeh
Okawaru
Qazlal
Ru
Sif Muna
Trog
Uskayaw
Vehumet
Wu Jian
Xom
The Shining One

Shops:
D:1 *   D:4 [


Innate Abilities, Weirdness & Mutations

You are too large for most types of armour.
You have tough skin. (AC +1)


Message History

* * * LOW HITPOINT WARNING * * *
The orc shoots a bolt.
The bolt hits you!
* * * LOW HITPOINT WARNING * * *
The orc shoots a bolt.
The bolt hits you!
* * * LOW HITPOINT WARNING * * *
The orc shoots a bolt.
The bolt hits you!
* * * LOW HITPOINT WARNING * * *
The orc unwields a +0 arbalest.
The orc hits you.
* * * LOW HITPOINT WARNING * * *
The orc unwields a +0 arbalest.
The orc hits you but does no damage.
You barely miss the orc.
Casting: Freeze (safe; 1% risk of failure)
Confirm with . or Enter, or press ? or * to list all spells.
Casting: Frozen Ramparts (mildly dangerous; 2% risk of failure)
Press: ? - help, Dir - look around, f - activate This square is lit by a halo.
The walls around you are covered in ice.
The wall freezes the orc but does no damage.
The orc completely misses you.
The wall freezes the orc.
The orc hits you.
* * * LOW HITPOINT WARNING * * *
The wall freezes the orc but does no damage.
Casting: Frozen Ramparts (mildly dangerous; 2% risk of failure)
Confirm with . or Enter, or press ? or * to list all spells.
Aiming: Freeze (safe; 1% risk of failure)
Press: ? - help, Shift-Dir - straight line, f - orc
Aim: an orc, wearing a +0 scale mail (heavily wounded, haloed)
You freeze the orc.
You kill the orc!
The wall freezes the orc!
You kill the orc!
The wall freezes the orc.
The orc shoots a bolt.
The bolt hits you but does no damage.
Your frozen ramparts will break if you move.
Continue? [Y]es or [N]o only, please.
Your frozen ramparts will break if you move.
Continue?
Okay, then.
Okay, then.
The wall freezes the orc but does no damage.
The orc shoots a bolt.
The bolt hits you!
You die...

#............#
#............#
#............# #
#............#
..##............#
................#
................#
....≈≈≈.≈≈......#
....≈##@#≈≈.....#
....≈#∩)##≈.....#
.......o. ≈.....#
...≈##.##≈.....
....≈ ### ≈.....
.... ≈≈≈ .....
... ... ... ...


You could see an orc.

Vanquished Creatures
  Edmund (D:5)
  Duvessa (D:5)
  An orc warrior (Bailey)
  A black bear (D:6)
  5 ogres
  2 phantoms
  A kobold brigand (D:7)
  3 scorpions
  Dowan (D:5)
  3 hounds
  An orc priest (D:5)
  A gnoll bouda (D:6)
  A jelly (D:6)
  2 sleepcaps
  An iguana (D:6)
  4 orc wizards
  6 adders
  6 gnolls
  A white imp (D:5)
  3 ufetubi
  7 worms
  A dart slug (D:3)
  25 orcs
  7 endoplasms
  2 giant cockroaches
  12 goblins
  5 hobgoblins
  14 jackals
  7 kobolds
  5 quokkas
  9 ball pythons
  5 bats
  5 rats
149 creatures vanquished.

Vanquished Creatures (collateral kills)
  A goblin (D:7)
  2 kobolds (D:7)
3 creatures vanquished.

Grand Total: 152 creatures vanquished

Notes
Turn   | Place    | Note
-------+----------+-------------------------------------------
     0 | D:1      | Cheops the Ogre Ice Elementalist began the quest for the
                  | Orb.
     0 | D:1      | Reached XP level 1. HP: 16/16 MP: 3/3
   171 | D:1      | Reached XP level 2. HP: 24/24 MP: 3/5
   365 | D:1      | Found Icauxun's General Store.
  1010 | D:2      | Reached XP level 3. HP: 31/31 MP: 5/7
  1014 | D:2      | Learned a level 3 spell: Frozen Ramparts
  1018 | D:2      | Learned a level 3 spell: Ozocubu's Armour
  1925 | D:2      | Identified the +6 dagger of Fuep {freeze, rPois rC++ Str-5
                  | Dex+2}
  2029 | D:2      | Identified the +10 mace of Sakoviq {freeze, Str+5 Dex-4}
  2039 | D:2      | Found an iron altar of Okawaru.
  2119 | D:2      | Reached XP level 4. HP: 39/39 MP: 6/8
  2365 | D:3      | Reached skill level 1 in Maces & Flails
  2835 | D:3      | Reached skill level 5 in Ice Magic
  2840 | D:3      | Reached XP level 5. HP: 26/45 MP: 5/9
  3302 | D:3      | Found a faded altar of an unknown god.
  3972 | D:4      | Found Jon Ky Lieto's Antique Armour Shoppe.
  3990 | D:4      | Reached XP level 6. HP: 37/53 MP: 6/10
  4809 | D:4      | Reached XP level 7. HP: 59/59 MP: 6/11
  5054 | D:5      | Entered Level 5 of the Dungeon
  5438 | D:5      | Noticed Edmund
  5728 | D:5      | Killed Edmund
  5881 | D:4      | Learned a level 4 spell: Summon Ice Beast
  6026 | D:5      | Noticed Duvessa
  6034 | D:5      | Killed Duvessa
  6035 | D:5      | Reached skill level 1 in Conjurations
  6123 | D:5      | Noticed Dowan
  6134 | D:5      | Killed Dowan
  6135 | D:5      | Reached XP level 8. HP: 67/67 MP: 3/12
  6304 | D:5      | Found a staircase to the Ecumenical Temple.
  6314 | Temple   | Entered the Ecumenical Temple
  6468 | Temple   | Became a worshipper of the Shining One
  6947 | D:6      | Found an ancient bone altar of Kikubaaqudgha.
  7227 | D:6      | Reached skill level 5 in Maces & Flails
  7874 | D:6      | Reached XP level 9. HP: 55/74 MP: 2/13
  8464 | D:7      | Found a flagged portal.
  8541 | Bailey   | Entered a bailey
  8863 | Bailey   | Shot with a bolt by an orc

Illustrated notes

Levels and vault maps discovered:
D:1:      minmay_arrival_split_and_join, layout_basic, serial_shops, shop
D:2:      layout_basic, basic_altar, serial_corexii_hall,
          chequers_hall_statues_wall_a, corexii_hall_statues_t,
          corexii_hall_statues_t, chequers_hall_statues_wall_a,
          corexii_hall_statues_x, chequers_hall_statues_corner_a
D:3:      layout_loops_ring, chequers_ecumenical_altar_simple,
          supply_closet_lemuel, nicolae_wormholes
D:4:      layout_basic, serial_shops, shop
D:5:      layout_loops_cross, minmay_temple_entry_antechambers, uniq_duvessa,
          uniq_edmund
D:6:      layout_basic, mainiacjoe_overflow_small_starburst
D:7:      layout_basic, enter_bailey_5, uniq_maggie
Temple:   nicolae_temple_elliptical
Bailey:   bailey_polearm_2, bailey

Skill      XL: |  1  2  3  4  5  6  7  8  9 |
---------------+----------------------------+-----
Spellcasting   | 3 |  3.0
Ice Magic      | 4 5 6 7 |  7.2
Maces & Flails | 1 2 3 4 6 7 |  7.0
Conjurations   | 2 4 |  4.4
Dodging        | |  1.7
Stealth        | |  1.4

Action                     |  1- 3 |  4- 6 |  7- 9 || total
---------------------------+-------+-------+-------++-------
  Melee: Club              |     5 |       |       ||     5
         Mace              |       |    25 |    41 ||    66
         Flail             |       |       |    18 ||    18
         Punch             |       |       |     1 ||     1
   Cast: Freeze            |    63 |    73 |    62 ||   198
         Frozen Ramparts   |       |    15 |    23 ||    38
         Ozocubu's Armour  |       |     3 |     8 ||    11
         Summon Ice Beast  |       |       |     1 ||     1
  Evoke: Wand              |       |       |     2 ||     2
    Use: Scroll            |       |       |    10 ||    10
 Armour: Robe              |    15 |    21 |    32 ||    68
  Dodge: Dodged            |    20 |    36 |    65 ||   121
